 Dungeon Crawl Stone Soup version 0.29.1-4-g47bece8355 (webtiles) character file.

Game seed: 5261367325639630551

70 Linkola the Trooper (level 4, -4/41 HPs)
             Began as a Minotaur Fighter on Dec 10, 2022.
             Slain by an ice beast (7 damage)
             ... on level 3 of the Dungeon.
             The game lasted 00:05:22 (1651 turns).

Linkola the Trooper (Minotaur Fighter)              Turns: 1651, Time: 00:05:22

Health: -4/41      AC:  6    Str: 23    XL:     4   Next: 3%
Magic:  3/3        EV: 10    Int:  5    God:
Gold:   94         SH:  9    Dex:  7    Spells: 3/3 levels left

rFire   + . .      SeeInvis .   a - +0 war axe
rCold   . . .      Faith    .   c - +0 buckler
rNeg    . . .      Spirit   .   g - +3 ring mail
rPois   .          Reflect  +   (helmet restricted)
rElec   +          Harm     .   (no cloak)
rCorr   .          Rampage  .   (no gloves)
Will    .....                   (no boots)
Stlth   ..........              j - amulet of the Echidna {Reflect rElec rF+ SH+5}
HPRegen 0.13/turn               (no ring)
MPRegen 0.08/turn               (no ring)

@: no status effects
A: horns 2, retaliatory headbutt, talons 1, clumsy 1, deformed body
a: no special abilities


You were on level 3 of the Dungeon.
You visited 1 branch of the dungeon, and saw 3 of its levels.

You collected 94 gold pieces.

Inventory:

Hand Weapons
 a - a +0 war axe (weapon)
Missiles
 f - 5 poisoned darts
 h - 7 stones (quivered)
Armour
 c - a +0 buckler (worn)
 g - a +3 ring mail (worn)
Jewellery
 j - the amulet of the Echidna (around neck) {Reflect rElec rF+ SH+5}
   (You acquired it on level 2 of the Dungeon)

   [amulet of reflection]

   It reflects blocked missile attacks.
   rF:        It protects you from fire.
   rElec:     It insulates you from electricity.
   SH:        It affects your SH (+5).
Wands
 e - a wand of iceblast (20)
Scrolls
 k - a scroll of enchant armour {unknown}
 m - a scroll of identify
Potions
 b - 2 potions of flight {unknown}
 d - a potion of might
 i - a potion of haste {unknown}
 l - a potion of brilliance {unknown}


   Skills:
 + Level 4.3 Fighting
 + Level 3.1 Axes
 * Level 1.2 Throwing
 + Level 4.1 Armour
 + Level 0.1 Dodging
 + Level 4.1 Shields


You had 3 spell levels left.
You didn't know any spells.
Your spell library was empty.

Dungeon Overview and Level Annotations

Branches:
Dungeon (3/15)

Altars:


Innate Abilities, Weirdness & Mutations

You have a pair of horns on your head.
You reflexively headbutt those who attack you in melee.
You have sharp toenails.
You are clumsy. (Dex -2)
Armour fits poorly on your strangely shaped body.


Message History

The gnoll barely misses you. x2; You furiously retaliate!
You headbutt the gnoll! The gnoll attacks as you move away!
You block the gnoll's attack. The gnoll misses you.
The gnoll hits you from afar with a +0 spear.
The gnoll hits you but does no damage. You block the gnoll's attack.
Things that are here:
a +0 halberd; a scroll labelled MIMUHET VEFATU; a gnoll corpse The gnoll attacks as you move away!
The gnoll hits you with a +0 spear! You block the gnoll's attack.
The gnoll throws a throwing net.
The throwing net hits you.
You become entangled in the net!
You see here a throwing net.
You struggle against the net.
The gnoll hits you but does no damage. The gnoll barely misses you.
You struggle against the net.
The gnoll hits you but does no damage.
The gnoll hits you from afar with a +0 spear.
You struggle against the net.
The gnoll hits you but does no damage.
The gnoll hits you from afar with a +0 spear.
You struggle against the net.
The gnoll hits you from afar with a +0 spear. x2
You rip the net and break free!
The ice beast misses you. The gnoll hits you but does no damage.
The gnoll hits you from afar with a +0 spear.
* * * LOW HITPOINT WARNING * * *
You slash the ice beast!
The ice beast is heavily wounded.
The ice beast hits you but does no damage.
You block the gnoll's attack. x2
You hit the ice beast but do no damage. Your kick misses the ice beast.
The ice beast is heavily wounded.
The ice beast hits you but does no damage.
The gnoll hits you from afar with a +0 spear.
* * * LOW HITPOINT WARNING * * *
You block the gnoll's attack.
You slash the ice beast! Your kick misses the ice beast.
The ice beast is severely wounded.
The ice beast hits you.
* * * LOW HITPOINT WARNING * * *
The ice beast freezes you!
You die...

### #.# #.# .# #.. ... ..
#.# #.# .. #.# #.# .# #.#
###.# .# #.# #.#.# .#
########.####.#.##†##.###
................@Yg......
########.####.#.##g....#.
######.####.#.# ..#..#
##.............. .......
...................... .
#######......#..#.....#
######...##.#..#.....#
#...##...##.#.........
###...##.........#..


You could see an ice beast and 2 gnolls.

Vanquished Creatures
  2 gnolls (D:3)
  An adder (D:2)
  2 ball pythons (D:1)
  2 endoplasms (D:1)
  2 giant cockroaches
  4 goblins
  6 hobgoblins
  7 jackals
  2 quokkas
  2 bats
  2 frilled lizards (D:1)
  A kobold (D:1)
  3 rats
36 creatures vanquished.

Notes
Turn   | Place    | Note
-------+----------+-------------------------------------------
     0 | D:1      | Linkola the Minotaur Fighter began the quest for the Orb.
     0 | D:1      | Reached XP level 1. HP: 19/19 MP: 0/0
   183 | D:1      | Reached XP level 2. HP: 23/27 MP: 1/1
   572 | D:1      | Gained mutation: You are clumsy. (Dex -2) [potion of
                  | mutation]
   572 | D:1      | Gained mutation: Armour fits poorly on your strangely
                  | shaped body. [potion of mutation]
   572 | D:1      | Gained mutation: You have sharp toenails. [potion of
                  | mutation]
   743 | D:2      | Reached XP level 3. HP: 33/33 MP: 2/2
  1019 | D:2      | Found a faded altar of an unknown god.
  1297 | D:2      | Identified a scroll of acquirement
  1297 | D:2      | Acquired the amulet of the Echidna {Reflect rElec rF+ SH+5}
  1403 | D:3      | Reached skill level 1 in Throwing
  1639 | D:3      | Reached XP level 4. HP: 32/41 MP: 3/3
  1640 | D:3      | Noticed an ice beast
  1651 | D:3      | Slain by an ice beast

Illustrated notes

Levels and vault maps discovered:
D:1:      nzn_arrival_settlement, layout_basic, minmay_tromino_i2
D:2:      layout_rooms, shapermc_ecumenical_altar_pompeii, bh_walls_and_bars
D:3:      layout_basic, minitemple

Skill      XL: |  1  2  3 |
---------------+----------+-----
Fighting       | 4 |  4.3
Armour         | 4 |  4.1
Shields        | 4 |  4.1
Throwing       | 1 |  1.2
Axes           | 3 |  3.1
Dodging        | |  0.1

Action                   |  1- 3 |  4- 6 || total
-------------------------+-------+-------++-------
Melee: War axe           |    64 |     4 ||    68
       Headbutt          |     6 |       ||     6
       Kick              |     6 |     1 ||     7
Throw: Stone             |     9 |       ||     9
  Use: Scroll            |     5 |       ||     5
       Potion            |     1 |       ||     1
 Stab: Distracted        |     1 |       ||     1
Armor: Scale mail        |    18 |       ||    18
       Ring mail         |    13 |     8 ||    21
Dodge: Dodged            |    28 |     8 ||    36
Block: Buckler           |    25 |     6 ||    31
       Reflection        |     1 |       ||     1
